 Dungeon Crawl Stone Soup version 0.29-a0-322-g68df515428 (webtiles) character file.

Game seed: 7464753757361961131

197 croobank the Skirmisher (level 5, -5/67 (70) HPs)
             Began as a Hill Orc Fighter on Apr 7, 2022.
             Slain by an iguana (9 damage)
             ... on level 4 of the Dungeon.
             The game lasted 00:08:24 (2744 turns).

croobank the Skirmisher (Hill Orc Fighter)          Turns: 2744, Time: 00:08:24

HP:   -5/67 (70)    AC: 10    Str: 21    XL:     5   Next: 75%
MP:   5/5           EV:  9    Int:  8    God:
Gold: 23            SH:  4    Dex: 10    Spells: 4/4 levels left

rFire   . . .      SeeInvis .   g - +1 spear (freeze)
rCold   . . .      Faith    .   c - +0 buckler
rNeg    . . .      Spirit   .   w - +0 scale mail
rPois   .          Reflect  .   s - +0 helmet
rElec   .          Harm     .   m - +0 cloak
rCorr   .          Rampage  .   (no gloves)
Will    .....                   q - +0 pair of boots
Stlth   ..........              (no amulet)
HPRegen 0.21/turn               (no ring)
MPRegen 0.09/turn               (no ring)

@: berserking, lightly drained, very quick
A: no striking features
a: no special abilities


You were on level 4 of the Dungeon.
You visited 1 branch of the dungeon, and saw 4 of its levels.

You collected 192 gold pieces.
You spent 169 gold pieces at shops.

Inventory:

Hand Weapons
 a - a +0 war axe
 b - a +0 hunting sling
 g - a +1 spear of freezing (weapon)
 p - a +2 dagger of draining
Missiles
 e - 158 stones
 k - 3 curare-tipped darts (quivered)
 n - 16 poisoned darts
Armour
 c - a +0 buckler (worn)
 m - a +0 cloak (worn)
 q - a +0 pair of boots (worn)
 s - a +0 helmet (worn)
 w - a +0 scale mail (worn)
Wands
 y - a wand of charming (8)
Scrolls
 j - a scroll of summoning
 o - a scroll of amnesia
 t - a scroll of immolation
 v - 3 scrolls of enchant armour
 x - 2 scrolls of identify
 A - a scroll of teleportation
Potions
 d - a potion of might
 f - a potion of brilliance
 h - a potion of resistance
 i - a potion of ambrosia
 l - a potion of mutation
 r - 2 potions of cancellation
 u - 2 potions of curing
 z - a potion of berserk rage


   Skills:
 + Level 4.8 Fighting
 + Level 4.5 Axes
 + Level 4.4 Armour
 + Level 4.3 Shields


You had 4 spell levels left.
You didn't know any spells.
Your spell library contained the following spells:

 Spells                   Type           Power      Damage    Failure   Level
 Sublimation of Blood     Necr           0%         N/A       92%         2
 Wereblood                Tmut           0%         N/A       92%         2
 Summon Hydra             Summ           0%         N/A       100%        7


Dungeon Overview and Level Annotations

Branches:
Dungeon (4/15)
 Temple: D:4-7

Altars:
Kikubaaqudgha

Shops:
D:2 ?


Message History

The iguana barely misses you. The iguana bites you.
You block the iguana's attack.
You barely miss the iguana.
The iguana is heavily wounded.
You hit the iguana but do no damage. The iguana bites you!
The iguana bites you but does no damage.
You closely miss the iguana.
The iguana is heavily wounded.
You closely miss the iguana. The iguana bites you.
The iguana closely misses you.
You hit the iguana but do no damage.
The iguana is heavily wounded.
You hit the iguana. The iguana closely misses you.
The iguana bites you but does no damage.
The iguana closely misses you. The iguana bites you!
You are too injured to fight recklessly!
You are too injured to fight recklessly!
You are too injured to fight recklessly!
Okay, then.
Your +1 spear of freezing glows with a cold blue light!
g - a +1 spear of freezing (weapon)
You hit the iguana. You freeze the iguana.
The iguana is moderately wounded.
The iguana bites you.
* * * LOW HITPOINT WARNING * * *
You block the iguana's attack.
You feel better. The iguana bites you!
* * * LOW HITPOINT WARNING * * *
The iguana barely misses you.
A red film seems to cover your vision as you go berserk!
You feel yourself moving faster!
You feel mighty! The iguana bites you!
* * * LOW HITPOINT WARNING * * *
You block the iguana's attack.
You closely miss the iguana.
The iguana is heavily wounded.
The iguana bites you but does no damage. x2
You hit the iguana. You freeze the iguana.
The iguana is almost dead.
You block the iguana's attack. The iguana bites you!
You die...

......#.....#....#
......#.....#....#
......#.....#....#
#.....#....#
#.....#....#
####+##.########
.####.##.####...##
.........#.......#
.........'.@†....+
.........#ll.....#
.........#.......#
#####..####..##.##
#.. #..# # ....
...# #.... ...#
#... ...#


You could see 2 iguanas.

Vanquished Creatures
  2 vampire bats (D:3)
  An iguana (D:2)
  A gnoll (D:1)
  2 adders
  A worm (D:2)
  A dart slug (D:1)
  An orc (D:3)
  5 ball pythons
  4 bat skeletons (D:3)
  3 endoplasms
  2 giant cockroaches
  3 goblins
  6 hobgoblins
  4 jackals (D:2)
  8 kobolds
  3 quokkas (D:1)
  2 bats
  3 frilled lizards
  6 rats
58 creatures vanquished.

Vanquished Creatures (others)
  2 plants (D:1)
2 creatures vanquished.

Grand Total: 60 creatures vanquished

Notes
Turn   | Place    | Note
-------+----------+-------------------------------------------
     0 | D:1      | croobank the Hill Orc Fighter began the quest for the Orb.
     0 | D:1      | Reached XP level 1. HP: 19/19 MP: 1/1
   269 | D:1      | Reached XP level 2. HP: 27/27 MP: 2/2
   808 | D:1      | Reached XP level 3. HP: 15/33 MP: 3/3
  1325 | D:2      | Reached XP level 4. HP: 33/40 MP: 4/4
  1764 | D:2      | Found Orureble's Magic Scroll Boutique.
  1772 | D:2      | Bought 3 scrolls of identify for 78 gold pieces
  1874 | D:3      | Found a faded altar of an unknown god.
  2436 | D:3      | Found an ancient bone altar of Kikubaaqudgha.
  2448 | D:3      | Reached XP level 5. HP: 45/47 MP: 5/5
  2546 | D:2      | Bought a scroll of identify for 26 gold pieces
  2546 | D:2      | Bought a scroll of identify for 26 gold pieces
  2546 | D:2      | Bought a scroll of teleportation for 39 gold pieces
  2744 | D:4      | Slain by an iguana

Illustrated notes

Levels and vault maps discovered:
D:1:      evilmike_arrival_plus, layout_loops_ring, serial_bayou,
          serial_bayou_pond_b, serial_bayou_lake_a, serial_bayou_lagoon_b,
          serial_bayou_pond_e, serial_bayou_pond_e, minmay_close_crescents
D:2:      layout_basic, serial_shops, nicolae_square_shop,
          minmay_misc_feat_pillars
D:3:      layout_basic, kennysheep_vampire_church,
          hellmonk_ecumenical_altar_run_dry
D:4:      layout_gridville, general_overflow_altar

Skill      XL: |  1  2  3  4 |
---------------+-------------+-----
Axes           | 3 4 |  4.5
Fighting       | 4 |  4.8
Armour         | 4 |  4.4
Shields        | 4 |  4.3

Action                   |  1- 3 |  4- 6 || total
-------------------------+-------+-------++-------
Melee: War axe           |    80 |    97 ||   177
       Spear             |       |     3 ||     3
  Use: Scroll            |       |    13 ||    13
       Potion            |       |     2 ||     2
Armor: Scale mail        |    23 |    73 ||    96
Dodge: Dodged            |    49 |    56 ||   105
Block: Buckler           |    15 |    32 ||    47

Table legend: (Time is in decaauts)
 A = Elapsed time spent in this place.
 B = Non-inter-level travel time spent in this place.
 C = Inter-level travel time spent in this place.
 D = Time resting spent in this place.
 E = Time spent auto-exploring this place.
 F = Levels seen in this place.
 G = Mean time per level.
                   A        B        C        D        E       F      G
               +--------+--------+--------+--------+--------+-----+--------+
         Total |   2856 |   2711 |    145 |    268 |   1743 |   4 |  714.0 |
       Dungeon |   2856 |   2711 |    145 |    268 |   1743 |   4 |  714.0 |
               +--------+--------+--------+--------+--------+-----+--------+

Top non-repeatable levels by time:
     D:1: 1363 daAuts
     D:3: 704 daAuts
     D:2: 621 daAuts
     D:4: 167 daAuts
